 Dungeon Crawl Stone Soup version 0.28.0-47-ge53b351184 (webtiles) character file.

Game seed: 16769119518923505404

818 Mattiprrivan the Skirmisher (level 7, 0/75 HPs)
             Began as an Ogre Monk on Apr 29, 2022.
             Was an Initiate of Gozag.
             Slain by an ogre
             ... wielding a +0 giant spiked club
              (38 damage)
             ... on level 4 of the Dungeon.
             The game lasted 00:18:41 (3982 turns).

Mattiprrivan the Skirmisher (Ogre Monk)             Turns: 3982, Time: 00:18:42

Health: 0/75       AC:  8    Str: 18    XL:     7   Next: 94%
Magic:  7/7        EV: 10    Int: 11    God:    Gozag
Gold:   213        SH:  0    Dex: 11    Spells: 6/6 levels left

rFire   . . .      SeeInvis .   e - +4 quarterstaff (chaos)
rCold   . . .      Faith    .   (shield currently unavailable)
rNeg    . . .      Spirit   .   g - +2 robe {Will+}
rPois   .          Reflect  .   (helmet restricted)
rElec   .          Harm     .   a - +2 cloak {Will+}
rCorr   .          Rampage  .   (gloves unavailable)
Will    ++...                   (boots unavailable)
Stlth   ++........              (no amulet)
HPRegen 0.22/turn               (no ring)
MPRegen 0.10/turn               (no ring)

@: no status effects
A: large, unfitting armour, tough skin 1
a: Renounce Religion, Potion Petition, Call Merchant, Bribe Branch


You were on level 4 of the Dungeon.
You worshipped Gozag.
Gozag was aware of your devotion.
You visited 1 branch of the dungeon, and saw 4 of its levels.

You collected 213 gold pieces.

Inventory:

Hand Weapons
 e - a +4 quarterstaff of chaos (weapon)
 f - a +1 mace of venom
Armour
 a - a +2 cloak of willpower (worn)
 g - a +2 robe of willpower (worn)
Wands
 b - a wand of flame (4) (quivered)
 c - a wand of polymorph (5)
Scrolls
 h - a scroll of enchant armour
Potions
 d - 2 potions of flight


   Skills:
 * Level 6.2 Fighting
 * Level 5.6(5.9) Maces & Flails
 * Level 2.6(4.7) Staves
 * Level 2.1 Armour
 * Level 4.0 Dodging
 - Level 1.4 Stealth
 * Level 1.1 Evocations


You had 6 spell levels left.
You didn't know any spells.
Your spell library contained the following spells:

 Spells                   Type           Power      Damage    Failure   Level
 Fulminant Prism          Conj/Hex       0%         3d6       98%         4
 Iskenderun's Mystic Bla  Conj/Tloc      0%         2d3       98%         4
 Lee's Rapid Deconstruct  Erth           0%         3d5*      100%        5


Dungeon Overview and Level Annotations

Branches:
Dungeon (4/15)
 Temple: D:4-7

Altars:
Gozag
The Shining One
Beogh

Shops:
D:2 *


Innate Abilities, Weirdness & Mutations

You are too large for most types of armour.
You have tough skin. (AC +1)


Message History

The hound closely misses you.
The puff of flame misses the hound.
The hound bites you but does no damage.
The puff of flame hits the hound.
You kill the hound!
Your Dodging skill increases to level 4!
You now have 207 gold pieces (gained 9).
An adder comes into view.
The puff of flame hits the adder!
The adder is severely wounded.
The adder hisses angrily.
The puff of flame hits the adder.
You kill the adder!
No target in view!
You now have 213 gold pieces (gained 6).
Found 25 bolts.
An ogre and a ball python come into view.
The ball python hisses angrily.
You hear a shout!
A goblin comes into view. It is wielding a +0 club.
The puff of flame hits the ball python!
You kill the ball python!
The puff of flame hits the ogre.
The ogre is moderately wounded.
The puff of flame hits the ogre.
The ogre is moderately wounded.
The puff of flame hits the ogre.
The ogre is heavily wounded.
The ogre misses you.
You hit the ogre.
The ogre goes berserk!
The ogre is heavily wounded.
The ogre barely misses you.
You thump the ogre!
The ogre is severely wounded.
The ogre hits you with a +0 giant spiked club!!!
Ouch! That really hurt!
You barely miss the ogre.
The ogre is severely wounded.
The ogre hits you with a +0 giant spiked club!!!
Ouch! That really hurt!
You die...
Your body crumbles into a pile of gold.

$ # #... ... #.
#... .. #.##+#...
.. #........ ##.
#........ #(.
#......## #g#
#......##
#O########........
#@..............##
#########.......#
#.......#
#.......#
#.......#
#.###...# #.#
#.### #.# #.# #.#
#.#


You could see an ogre (berserk) and a goblin.

Vanquished Creatures
  Sigmund (D:3)
  Duvessa (D:4)
  A necrophage (D:4)
  A phantom (D:3)
  A scorpion (D:4)
  Dowan (D:4)
  A hound (D:4)
  A jelly (D:3)
  Crazy Yiuf (D:3)
  A bullfrog skeleton (D:4)
  Jessica (D:2)
  Natasha (thrice) (D:4)
  5 adders
  An adder skeleton (D:3)
  2 worms (D:2)
  A dart slug (D:2)
  2 orcs
  2 ball pythons
  6 endoplasms
  A giant cockroach (D:1)
  6 goblins
  4 hobgoblins
  A quokka (D:2)
  2 bats
  3 frilled lizards
  4 kobolds
  4 rats
58 creatures vanquished.

Vanquished Creatures (others)
  A fungus (D:3)
1 creature vanquished.

Grand Total: 59 creatures vanquished

Notes
Turn   | Place    | Note
-------+----------+-------------------------------------------
     0 | D:1      | Mattiprrivan the Ogre Monk began the quest for the Orb.
     0 | D:1      | Reached XP level 1. HP: 24/24 MP: 1/1
   319 | D:1      | Reached XP level 2. HP: 19/32 MP: 2/2
   737 | D:2      | Found Otyhem's Assorted Antiques.
  1001 | D:2      | Reached XP level 3. HP: 38/40 MP: 3/3
  1405 | D:2      | Noticed Jessica
  1420 | D:2      | Killed Jessica
  1421 | D:2      | Reached XP level 4. HP: 47/49 MP: 4/4
  2331 | D:3      | Noticed Sigmund
  2344 | D:3      | Killed Sigmund
  2345 | D:3      | Reached skill level 5 in Fighting
  2345 | D:3      | Reached skill level 1 in Armour
  2345 | D:3      | Reached XP level 5. HP: 46/57 MP: 5/5
  2345 | D:3      | Reached XP level 6. HP: 53/66 MP: 6/6
  2429 | D:3      | Found a faded altar of an unknown god.
  2433 | D:3      | Prayed at the altar of an unknown god.
  2433 | D:3      | Became a worshipper of Gozag Ym Sagoz the Greedy
  2488 | D:3      | Found a transporter.
  2497 | D:3      | Found a transporter.
  2520 | D:3      | Found a glowing golden altar of the Shining One.
  2758 | D:3      | Found a runed translucent door.
  2759 | D:3      | Noticed Crazy Yiuf
  2767 | D:3      | Killed Crazy Yiuf
  3223 | D:3      | Reached skill level 5 in Maces & Flails
  3354 | D:4      | Noticed Duvessa
  3358 | D:4      | Noticed Dowan
  3361 | D:4      | Killed Duvessa
  3361 | D:4      | Noticed Natasha
  3362 | D:4      | Reached XP level 7. HP: 66/74 MP: 7/7
  3373 | D:4      | Killed Dowan
  3374 | D:4      | Reached skill level 1 in Staves
  3375 | D:4      | Killed Natasha
  3634 | D:4      | Noticed Natasha
  3639 | D:4      | Reached skill level 6 in Fighting
  3645 | D:4      | Killed Natasha
  3658 | D:4      | Noticed Natasha
  3663 | D:4      | Killed Natasha
  3896 | D:4      | Reached skill level 1 in Evocations
  3982 | D:4      | Slain by an ogre

Illustrated notes

Levels and vault maps discovered:
D:1:      lemuel_arrival_muddy, layout_basic
D:2:      layout_basic, serial_shops, shop, due_unseen_surprise, uniq_jessica
D:3:      layout_rooms, gammafunk_temple_overflow_arena,
          hellmonk_ecumenical_altar_defaced_shrine, uniq_crazy_yiuf_cottage,
          uniq_sigmund
D:4:      layout_basic, nicolae_wooded_promenade, chequers_decorated_corner,
          uniq_eustachio, uniq_duvessa, uniq_natasha

Skill      XL: |  1  2  3  4  5  6  7 |
---------------+----------------------+-----
Maces & Flails | 3 4 5 |  5.6
Dodging        | 3 4 |  4.0
Fighting       | 5 6 |  6.2
Armour         | 1 2 |  2.1
Staves         | 2 |  2.6
Evocations     | 1 |  1.1
Stealth        | |  1.4

Action                   |  1- 3 |  4- 6 |  7- 9 || total
-------------------------+-------+-------+-------++-------
Melee: Mace              |    90 |    54 |       ||   144
       Punch             |       |     1 |       ||     1
       Flail             |       |    17 |       ||    17
       Quarterstaff      |       |    14 |    33 ||    47
Evoke: Wand              |       |       |    24 ||    24
  Use: Scroll            |     3 |     5 |       ||     8
       Potion            |     1 |     1 |     1 ||     3
 Stab: Sleeping          |     3 |     1 |       ||     4
Armor: Robe              |    21 |    14 |    16 ||    51
Dodge: Dodged            |    40 |    33 |    11 ||    84
